 Dungeon Crawl Stone Soup version 0.21-a0-442-g848f44b (webtiles) character file.

760 theanonym the Poker (level 8, -8/64 HPs)
             Began as a Formicid Fighter on Nov 15, 2017.
             Was an Initiate of Cheibriados.
             Incinerated by Autsider's ghost (9 damage)
             ... with a sticky flame
             ... on level 4 of the Dungeon.
             The game lasted 00:08:23 (3871 turns).

theanonym the Poker (Formicid Fighter)              Turns: 3871, Time: 00:08:24

Health: -8/64      AC:  7    Str: 22    XL:     8   Next: 8%
Magic:  7/9        EV:  7    Int: 11    God:    Cheibriados [......]
Gold:   124        SH:  9    Dex: 11    Spells: 7/7 levels left

rFire    . . .     SeeInvis +   a - +0 halberd
rCold    . . .     Gourm    .   c - +0 shield
rNeg     + . .     Faith    .   n - +0 scale mail
rPois    .         Spirit   .   (helmet unavailable)
rElec    .         Reflect  .   (no cloak)
rCorr    .         Harm     .   v - +0 pair of gloves
MR       .....                  (no boots)
Stlth    ..........             (no amulet)
HPRegen  0.20/turn              y - ring of positive energy {rN+}
MPRegen  0.11/turn              (no ring)

@: liquid flames, glowing, drained, very slow
A: permanent stasis, dig shafts and tunnels, four strong arms, antennae 3
a: Dig, Shaft Self, Bend Time, Renounce Religion


Innate Abilities, Weirdness & Mutations

You cannot be hasted, slowed, berserked, paralysed or teleported.
You can dig through walls and to a lower floor.
Your four strong arms can wield two-handed weapons with a shield.
You have a pair of large antennae on your head. (SInv)


   Skills:
 - Level 5.7(5.5) Fighting
 * Level 7.1(7.0) Polearms
 - Level 3.2(3.1) Armour
 - Level 3.6(3.5) Shields
 + Level 2.3(2.1) Invocations


You had 7 spell levels left.
You didn't know any spells.

Skill      XL: |  1  2  3  4  5  6  7 |
---------------+----------------------+-----
Polearms       | 3 4 6 7 |  7.1
Fighting       | 4 5 |  5.7
Invocations    | 2 |  2.3
Armour         | |  3.2
Shields        | |  3.6

Action                   |  1- 3 |  4- 6 |  7- 9 || total
-------------------------+-------+-------+-------++-------
Melee: Trident           |    27 |       |       ||    27
       Halberd           |    49 |   135 |    90 ||   274
 Fire: Hunting sling     |       |     3 |     9 ||    12
Throw: Javelin           |       |       |     1 ||     1
       Stone             |       |       |     1 ||     1
 Abil: Dig               |       |     4 |       ||     4
  Use: Potion            |     1 |     1 |     3 ||     5
       Scroll            |       |     5 |     5 ||    10
  Eat: Chunk             |       |     6 |     1 ||     7
       Meat ration       |       |       |     1 ||     1
Armor: Scale mail        |    26 |    34 |    45 ||   105
       Skin              |       |    18 |       ||    18
Dodge: Dodged            |    19 |    25 |    44 ||    88
Block: Shield            |    22 |    54 |    62 ||   138

Inventory:

Hand Weapons
 a - a +0 halberd (weapon)
   (You took it off a gnoll on level 1 of the Dungeon)
 b - a +0 hunting sling
   (You found it on level 2 of the Dungeon)
Missiles
 d - 78 stones (quivered)
 e - 18 sling bullets
 r - 53 bolts
 s - 18 arrows
 u - 4 tomahawks
 w - 8 needles of frenzy
 z - 2 javelins
Armour
 c - a +0 shield (worn)
 n - a +0 scale mail (worn)
 v - a +0 pair of gloves (worn)
   (You found it on level 3 of the Dungeon)
 A - a +1 cloak
   (You took it off Crazy Yiuf on level 3 of the Dungeon)
Jewellery
 y - a ring of positive energy (left hand) {rN+}
   (You found it on level 3 of the Dungeon)
Scrolls
 g - a scroll of noise
 k - a scroll of amnesia
 q - 3 scrolls of remove curse
 t - 2 scrolls of teleportation {!r}
Potions
 h - 3 potions of brilliance
 l - a potion of haste
 p - 2 potions of flight
Comestibles
 f - 3 bread rations
 i - a royal jelly
 m - 2 chunks of flesh

Dungeon Overview and Level Annotations

Branches:
Dungeon (4/15)
 Temple: D:4-7

Altars:
Cheibriados
Sif Muna


You were on level 4 of the Dungeon.
You worshipped Cheibriados.
Cheibriados was noncommittal.
You were not hungry.

You visited 1 branch of the dungeon, and saw 4 of its levels.

You collected 124 gold pieces.


Message History

Autsider's ghost whispers, "There is no future for you."
Aim: Autsider's ghost, wielding a weapon of draining You shoot a stone.
The stone hits Autsider's ghost.
Aim: Autsider's ghost, wielding a weapon of draining (lightly damaged)
You shoot a stone. The stone hits Autsider's ghost!
Aim: Autsider's ghost, wielding a weapon of draining (moderately damaged)
You shoot a stone.
The stone barely misses Autsider's ghost.
You hear the hiss of a distant avalanche of sand.
a - a +0 halberd (weapon)
b - a +0 hunting sling (weapon)
Autsider's ghost casts a spell at you. The flame tongue hits you!
You take 15 damage, and have 36/57 hp.
MASSIVE DAMAGE!!
a - a +0 halberd (weapon)
You are too injured to fight recklessly!
You are too injured to fight recklessly!
You are too injured to fight recklessly!
Aim: Autsider's ghost, wielding a weapon of draining (moderately damaged)
You throw a stone.
The stone hits Autsider's ghost but does no damage.
Autsider's ghost hits you but does no damage.
You feel drained.
You hit Autsider's ghost but do no damage.
Autsider's ghost sprays you with burning goo.
The sticky flame hits you!
You are covered in liquid flames!
You take 5 damage, and have 31/57 hp.
You puncture Autsider's ghost!
You are covered in liquid flames!
* * * LOW HITPOINT WARNING * * *
Autsider's ghost sprays you with burning goo.
The sticky flame hits you!
You are covered in liquid flames!
* * * LOW HITPOINT WARNING * * *
You take 15 damage, and have 16/57 hp.
MASSIVE DAMAGE!!
You feel very mighty all of a sudden.
You are covered in liquid flames!
* * * LOW HITPOINT WARNING * * *
Autsider's ghost sprays you with burning goo.
The sticky flame hits you!
You are covered in liquid flames!
* * * LOW HITPOINT WARNING * * *
You take 11 damage, and have 5/57 hp.
You closely miss Autsider's ghost.
You are covered in liquid flames!
* * * LOW HITPOINT WARNING * * *
Autsider's ghost hits you but does no damage.
You feel drained.
You take 4 damage, and have 1/57 hp.
It was a potion of heal wounds.
You feel much better.
You are covered in liquid flames!
* * * LOW HITPOINT WARNING * * *
Autsider's ghost hits you but does no damage.
You feel drained.
You regained 24 hp, and now have 25/57 hp.
You slice Autsider's ghost!!
You destroy Autsider's ghost!
Cheibriados thoroughly appreciates the change of pace.
Your Polearms skill increases to level 7!
Your Invocations skill increases to level 2!
You have reached level 8!
You feel stronger.
You are covered in liquid flames!
* * * LOW HITPOINT WARNING * * *
You take 2 damage, and have 23/64 hp.
You are covered in liquid flames!
* * * LOW HITPOINT WARNING * * *
You take 2 damage, and have 21/64 hp.
You are covered in liquid flames!
* * * LOW HITPOINT WARNING * * *
You see here a stone.
You take 7 damage, and have 14/64 hp.
Okay, then.
Put on which piece of jewellery? (? for menu, Esc to quit)
y - a ring of positive energy (left hand)
You are covered in liquid flames!
* * * LOW HITPOINT WARNING * * *
You take 2 damage, and have 12/64 hp.
Okay, then.
Okay, then.
Your magical effects are unravelling.
You feel magically purged.
You are covered in liquid flames!
* * * LOW HITPOINT WARNING * * *
You feel a little less mighty now.
You take 5 damage, and have 7/64 hp.
Okay, then.
Unknown command.
Okay, then.
Unknown command.
Unknown command.
You are on fire!
You are covered in liquid flames!
* * * LOW HITPOINT WARNING * * *
You take 6 damage, and have 1/64 hp.
You are on fire!
Okay, then.
You are covered in liquid flames!
You die...

#.<..............
#..................
#...................
#.....(..............
#....................
##....................
#.......((............
#.....................
#....)......@.........
#..................... .
#..............†......
...##............$........
..........................
######....................
#.................<>.
#....................
#.....................


There were no monsters in sight!

Notes
Turn   | Place    | Note
-------+----------+-------------------------------------------
     0 | D:1      | theanonym the Formicid Fighter began the quest for the Orb.
     0 | D:1      | Reached XP level 1. HP: 18/18 MP: 1/1
   175 | D:1      | HP: 6/18 [gnoll/halberd (12)]
   176 | D:1      | Reached XP level 2. HP: 9/24 MP: 2/2
   472 | D:1      | Reached XP level 3. HP: 29/30 MP: 3/3
   591 | D:1      | Reached skill level 3 in Polearms
   761 | D:2      | Noticed Terence
   774 | D:2      | HP: 15/30 [Terence/flail (7)]
   778 | D:2      | Killed Terence
   778 | D:2      | Reached skill level 4 in Fighting
   778 | D:2      | Reached XP level 4. HP: 17/37 MP: 4/4
   779 | D:2      | HP: 15/37 [poisoned by an adder]
   785 | D:2      | HP: 14/37 [poisoned by an adder]
   793 | D:2      | HP: 13/37 [poisoned by an adder]
  1158 | D:2      | HP: 12/37 [gnoll/halberd (8)]
  1161 | D:2      | Reached skill level 4 in Polearms
  1161 | D:2      | Reached XP level 5. HP: 21/42 MP: 5/5
  1187 | D:2      | HP: 16/43 [gnoll (2)]
  1192 | D:2      | HP: 10/43 [gnoll/spear (2)]
  1197 | D:2      | HP: 9/43 [gnoll/spear (1)]
  1200 | D:2      | HP: 3/43 [gnoll/spear (6)]
  1571 | D:2      | Found a deep blue altar of Sif Muna.
  1804 | D:3      | Found a runed door.
  1824 | D:3      | Reached XP level 6. HP: 43/49 MP: 6/6
  2130 | D:3      | Reached skill level 5 in Polearms
  2324 | D:3      | Noticed Grinder
  2462 | D:3      | Killed Grinder
  2462 | D:3      | Reached skill level 5 in Fighting
  2462 | D:3      | Reached skill level 6 in Polearms
  2462 | D:3      | Reached XP level 7. HP: 49/56 MP: 7/7
  2625 | D:3      | HP: 28/56 [kobold/whip (4)]
  2636 | D:3      | HP: 22/56 [orc/whip (3)]
  3088 | D:3      | Found a snail-covered altar of Cheibriados.
  3095 | D:3      | Became a worshipper of Cheibriados the Contemplative
  3538 | D:3      | Noticed Crazy Yiuf
  3545 | D:3      | Killed Crazy Yiuf
  3662 | D:4      | Noticed Autsider's ghost (amateur GrFE)
  3786 | D:4      | Reached skill level 1 in Invocations
  3861 | D:4      | HP: 22/57 [burnt (9)]
  3862 | D:4      | HP: 5/57 [Autsider's ghost/sticky flame (7)]
  3863 | D:4      | HP: 1/57 [burnt (4)]
  3865 | D:4      | Killed Autsider's ghost
  3865 | D:4      | Reached skill level 7 in Polearms
  3865 | D:4      | Reached skill level 2 in Invocations
  3865 | D:4      | Reached XP level 8. HP: 29/64 MP: 7/9
  3868 | D:4      | HP: 11/64 [burnt (3)]
  3870 | D:4      | HP: 1/64 [burnt (6)]
  3871 | D:4      | Incinerated by Autsider's ghost

Vanquished Creatures
  Grinder (D:3)
  The ghost of Autsider the Conjurer, an amateur GrFE (D:4)
  A scorpion (D:4)
  An orc wizard (D:3)
  A bullfrog skeleton (D:4)
  An orc priest (D:3)
  Crazy Yiuf (D:3)
  Terence (D:2)
  A worker ant (D:3)
  8 gnolls
  2 adders
  An ooze (D:2)
  2 worms
  3 dart slugs
  A leopard gecko (D:1)
  12 orcs (D:3)
  2 giant cockroaches
  6 goblins
  7 hobgoblins
  2 ball pythons
  7 bats
  3 frilled lizards
  7 kobolds
  3 rats
75 creatures vanquished.

Vanquished Creatures (others)
  A howler monkey (D:4)
  An orc priest (D:4)
  An adder (D:4)
  2 quokka skeletons (D:4)
5 creatures vanquished.

Grand Total: 80 creatures vanquished
